 Dungeon Sprint DCSS version 0.18-a0-1372-gd644665 (webtiles) character file.

744 namelastname112 the Pandemonic (level 11, -5/98 HPs)
             Began as a Demonspawn Gladiator on Feb 21, 2016.
             Was a High Priest of Makhleb.
             Slain by a deep elf knight
             ... wielding a +2 long sword of holy wrath
              (26 damage)
             ... in the Dungeon (Sprint VI: "Thunderdome").
             The game lasted 00:13:19 (1496 turns).

namelastname112 the Pandemonic (DsGl)               Turns: 1496, Time: 00:13:20

Health: -5/98      AC:  5    Str: 18    XL:     11   Next: 36%
Magic:  24/24      EV: 21    Int:  9    God:    Makhleb [*****.]
Gold:   337        SH:  0    Dex: 18    Spells: 0 memorised, 10 levels left

rFire  + . .     SeeInvis .     e - +1 hand axe (elec) (curse)
rCold  + . .     Gourm    .     f - +0 troll leather armour
rNeg   . . .     Faith    .     (no shield)
rPois  +         Spirit   .     (helmet restricted)
rElec  +         Dismiss  .     (no cloak)
rCorr  .         Reflect  .     (no gloves)
SustAt .         Harm     .     (no boots)
MR     ++...     NoTele   +     (no amulet)
Stlth  ++........               c - ring "Johub" {rPois MR+ EV+1 Dex+3}
                                p - ring "Begin" {+Fly rElec rC+ MR+}

@: studying Fighting, very resistant to hostile enchantments, unstealthy
A: horns 2, fire resistance 1, nightstalker 1, sturdy frame 1
a: Minor Destruction, Lesser Servant of Makhleb, Major Destruction, Greater
Servant of Makhleb, Renounce Religion, Evoke Flight
}: 1/15 runes: decaying


You were in the Dungeon.
You worshipped Makhleb.
Makhleb was extremely pleased with you.
You were full.

You visited 1 branch You collected 1130 gold pieces.
You spent 793 gold pieces at shops.

Inventory:

Hand Weapons
 e - a cursed +1 hand axe of electrocution (weapon)
Missiles
 d - 3 throwing nets (quivered)
Armour
 f - a +0 troll leather armour (worn)
Jewellery
 c - the ring "Johub" (right hand) {rPois MR+ EV+1 Dex+3}
   (You bought it in a shop in the Dungeon)

   [ring of evasion]

   It affects your evasion (+1).
   It affects your dexterity (+3).
   It protects you from poison.
   It affects your resistance to hostile enchantments.
 p - the ring "Begin" (left hand) {+Fly rElec rC+ MR+}
   (You bought it in a shop in the Dungeon)

   [ring of flight]

   It protects you from cold.
   It insulates you from electricity.
   It affects your resistance to hostile enchantments.
   It lets you fly.
Wands
 m - a wand of acid (5/15)
 n - a wand of iceblast (4/15)
Scrolls
 k - a scroll of blinking
 o - 3 scrolls of fog
Potions
 a - 4 potions of curing
 b - 2 potions of heal wounds
 h - 3 potions of haste
 i - 2 potions of magic
 l - a potion of resistance
Books
 q - a manual of Fighting


   Skills:
 + Level 13.4 Fighting
 + Level 10.7 Axes
 - Level 1.7 Throwing
 + Level 10.4 Armour
 + Level 10.8 Dodging
 * Level 19.1 Invocations


You had 10 spell levels left.
You didn't know any spells.

Dungeon Overview and Level Annotations

Branches:
Dungeon (1/1)

Altars:
Cheibriados
Dithmenos
Fedhas
Gozag
Kikubaaqudgha
Makhleb
Okawaru
Pakellas
Qazlal
Ru
Sif Muna
Trog
Vehumet
Xom
Yredelemnul
Zin
The Shining One
Jiyva
Lugonu

Shops:
D *[%??*?*:[((!!!!


Innate Abilities, Weirdness & Mutations

You have a pair of horns on your head.
Your flesh is heat resistant.
You are slightly more attuned to the shadows.
Your movements are slightly less encumbered by armour (ER -2).


Message History

The earth elemental is almost destroyed.
The deep elf knight hits you with a long sword of holy wrath.
You convulse.
Your hellwing hits the earth elemental but does no damage.
Your hellwing barely misses the earth elemental.
The earth elemental misses your hellwing.
You hit the deep elf knight.
There is a sudden explosion of sparks!
Your headbutt misses the deep elf knight.
The deep elf knight is moderately wounded.
You hit the earth elemental but do no damage.
The earth elemental is almost destroyed.
The deep elf knight hits you but does no damage.
Your hellwing hits the earth elemental.
The earth elemental is destroyed!
You closely miss the deep elf knight.
The deep elf knight is moderately wounded.
The deep elf knight hits you with a long sword of holy wrath!!
* * * LOW HITPOINT WARNING * * *
You convulse!!
You die...

##⌠⌠⌠## #.....# ##.....##
##∩.....∩## #∩.......∩#
#_[.)...._# #_......._#
#_...4e.._# ###....@....###
#⌠[..[)..[...§#
######.8.........8.######
##∩___....).###.[...._._∩##
###∩.......[8.# #.8........∩###
##..........[..###.............##
#⌠.......(..###...###..........⌠#
#⌠.......().# #.<.# #..........⌠#
#⌠........(.###...###..........⌠#


You could see a deep elf knight and a friendly hellwing.

Vanquished Creatures
  A wizard (D)
  2 deep elf archers (D)
  A deep elf mage (D)
  A rust devil (D)
  A gargoyle (D)
  2 water elementals (D)
  A fire elemental (D)
  7 neqoxecs (D)
  A necrophage (D)
  2 big kobolds (D)
  An earth elemental (D)
  2 wights (D)
  Ijyb (D)
  2 adders (D)
  A worm (D)
  A goblin (D)
  3 hobgoblins (D)
  A jackal skeleton (D)
31 creatures vanquished.

Vanquished Creatures (collateral kills)
  A thorn hunter (D)
  2 hydras (D)
  5 dancing weapons (D)
  An iron troll (D)
  A deep elf knight (D)
  3 deep elf magi (D)
  A rust devil (D)
  A boulder beetle (D)
  A bog body (D)
  A phantom (D)
  2 earth elementals (D)
  3 wights (D)
22 creatures vanquished.

Vanquished Creatures (others)
  2 briar patches (D)
2 creatures vanquished.

Grand Total: 55 creatures vanquished

Notes
Turn   | Place    | Note
--------------------------------------------------------------
     0 | D        | namelastname112 the Demonspawn Gladiator began the quest for the Orb.
     0 | D        | Reached XP level 1. HP: 16/16 MP: 1/1
     3 | D        | Found a blossoming altar of Fedhas.
     3 | D        | Found a snail-covered altar of Cheibriados.
     4 | D        | Found a sacrificial altar of Ru.
     5 | D        | Found a bloodstained altar of Trog.
     5 | D        | Found a radiant altar of Vehumet.
     5 | D        | Round 1.
     6 | D        | Found a basalt altar of Yredelemnul.
     6 | D        | Found an ancient bone altar of Kikubaaqudgha.
     6 | D        | Found Icumaseq's Staff Store.
     6 | D        | Found Vaisor Wuwna's Magic Scroll Shop.
     7 | D        | Found Iplyam's Must-Have Magic.
     7 | D        | Found Riewitao's Magic Scroll Shop.
     9 | D        | Found a viscous altar of Jiyva.
    10 | D        | Found a shimmering altar of Xom.
    12 | D        | Found a stormy altar of Qazlal.
    13 | D        | Found Yvvaocui's Bee Food.
    14 | D        | Found Geudghiyf's Jewellery.
    14 | D        | Found Ejityh's Advanced Armour.
    14 | D        | Found an opulent altar of Gozag.
    14 | D        | Found a burning altar of Makhleb.
    14 | D        | Found Zuporphe's Identification Station.
    18 | D        | Found a deep blue altar of Sif Muna.
    22 | D        | Became a worshipper of Makhleb the Destroyer
    26 | D        | Found an oddly glowing altar of Pakellas.
    27 | D        | Found a glowing silver altar of Zin.
    28 | D        | Found Toni's Premium Goods.
    29 | D        | Found a shadowy altar of Dithmenos.
    29 | D        | Found a glowing golden altar of the Shining One.
    29 | D        | Found Jaon's Weapon Rack.
    29 | D        | Found Dadugief's Miscellaneous Merchandise.
    29 | D        | Found Plog's Basic Armour.
    34 | D        | Found an iron altar of Okawaru.
    36 | D        | Found Egoteb's Do-It-Yourself Clinic.
    36 | D        | Found a corrupted altar of Lugonu.
    36 | D        | Found Omynlesk's Distillery.
    37 | D        | Found Wyxkilut's Bottled Wisdom.
    37 | D        | Found Ucuuq's Distillery.
    54 | D        | Reached skill level 1 in Invocations
    71 | D        | Reached * piety under Makhleb
    71 | D        | Reached skill level 3 in Axes
    71 | D        | Reached skill level 1 in Armour
    78 | D        | Gained mutation: You are slightly more attuned to the shadows. [demonic ancestry]
    78 | D        | Reached XP level 2. HP: 14/23 MP: 1/4
    87 | D        | Arena points: 12 (+12) [x2]
   141 | D        | Round 2.
   149 | D        | Noticed a big kobold
   149 | D        | Noticed a big kobold
   160 | D        | Killed a big kobold
   160 | D        | Reached ** piety under Makhleb
   160 | D        | Reached skill level 4 in Axes
   160 | D        | Reached skill level 6 in Invocations
   160 | D        | Gained mutation: You have a pair of small horns on your head. [demonic ancestry]
   160 | D        | Reached XP level 3. HP: 15/30 MP: 4/7
   160 | D        | Reached XP level 4. HP: 18/37 MP: 4/8
   162 | D        | Killed a big kobold
   162 | D        | Reached skill level 7 in Invocations
   162 | D        | Reached XP level 5. HP: 19/43 MP: 4/10
   224 | D        | Noticed Ijyb
   237 | D        | Killed Ijyb
   237 | D        | Reached *** piety under Makhleb
   237 | D        | Reached skill level 8 in Invocations
   271 | D        | Arena points: 54 (+42) [x3]
   286 | D        | Bought a steaming crystal amulet for 45 gold pieces
   286 | D        | Bought a scorched steel ring for 45 gold pieces
   286 | D        | Bought a flickering turquoise ring for 45 gold pieces
   286 | D        | Identified the amulet "Hooshrag" {Spirit +Blink rC- Str-3 SInv} (You bought it in a shop in the Dungeon)
   287 | D        | Identified the ring "Begin" {+Fly rElec rC+ MR+} (You bought it in a shop in the Dungeon)
   288 | D        | Identified the ring "Ref Hoco" {Wiz rF- MP+9 Int+3} (You bought it in a shop in the Dungeon)
   294 | D        | Bought a translucent glass ring for 45 gold pieces
   294 | D        | Bought a clouded tin amulet for 45 gold pieces
   294 | D        | Identified the ring "Johub" {rPois MR+ EV+1 Dex+3} (You bought it in a shop in the Dungeon)
   295 | D        | Identified the amulet of Brilliance {RegenMP rF- MR+ Int+2} (You bought it in a shop in the Dungeon)
   325 | D        | Round 3.
   325 | D        | Noticed a deep elf mage
   325 | D        | Noticed a deep elf mage
   326 | D        | Noticed a deep elf mage
   326 | D        | Noticed a deep elf knight
   326 | D        | Noticed a deep elf mage
   326 | D        | Noticed a deep elf mage
   374 | D        | Noticed a chaos spawn
   376 | D        | Arena points: 66 (+12) [x4]
   391 | D        | Round 4.
   422 | D        | Noticed a phantom
   439 | D        | Noticed a necrophage
   450 | D        | Killed a necrophage
   450 | D        | Reached skill level 5 in Fighting
   450 | D        | Reached skill level 5 in Axes
   450 | D        | Reached skill level 5 in Dodging
   455 | D        | Reached **** piety under Makhleb
   455 | D        | Reached skill level 9 in Invocations
   460 | D        | Killed a phantom
   460 | D        | Gained mutation: Your movements are slightly less encumbered by armour (ER -2). [demonic ancestry]
   460 | D        | Reached XP level 6. HP: 37/51 MP: 11/13
   479 | D        | Reached skill level 5 in Armour
   479 | D        | Reached skill level 10 in Invocations
   504 | D        | Reached ***** piety under Makhleb
   532 | D        | Arena points: 226 (+160) [x5]
   582 | D        | Round 5.
   589 | D        | Noticed a seven-headed hydra
   589 | D        | Noticed a bog body
   620 | D        | Killed a bog body
   620 | D        | Reached skill level 11 in Invocations
   620 | D        | Reached XP level 7. HP: 47/59 MP: 15/15
   625 | D        | Noticed a five-headed hydra
   639 | D        | Noticed a witch
   653 | D        | Noticed a thorn hunter
   664 | D        | Killed a seven-headed hydra
   664 | D        | Reached skill level 12 in Invocations
   678 | D        | Killed a five-headed hydra
   678 | D        | Reached skill level 13 in Invocations
   678 | D        | Reached XP level 8. HP: 39/68 MP: 17/17
   693 | D        | Killed a thorn hunter
   693 | D        | Reached skill level 14 in Invocations
   713 | D        | Noticed an alligator
   721 | D        | Killed a witch
   721 | D        | Arena points: 506 (+280) [x7]
   721 | D        | Gained mutation: You have a pair of horns on your head. [demonic ancestry]
   721 | D        | Reached XP level 9. HP: 54/75 MP: 18/20
   724 | D        | Got a decaying rune of Zot
   725 | D        | Reached skill level 15 in Invocations
   725 | D        | Reached XP level 10. HP: 51/84 MP: 18/21
   876 | D        | Bought a +0 troll leather armour for 180 gold pieces
   892 | D        | Round 6.
   910 | D        | Bought 4 potions of curing for 84 gold pieces
   934 | D        | Reached skill level 10 in Fighting
   936 | D        | Gained mutation: You are dopey. (Int -2) [a neqoxec]
   943 | D        | Gained mutation: You are frail (-10% HP). [a neqoxec]
   951 | D        | Reached skill level 16 in Invocations
   993 | D        | Gained mutation: Scrolls take you a little longer to read. [a neqoxec]
  1002 | D        | Bought a potion of cure mutation for 175 gold pieces
  1037 | D        | Arena points: 554 (+48) [x1]
  1041 | D        | Lost mutation: You are dopey. (Int -2) [potion of cure mutation]
  1041 | D        | Lost mutation: You are frail (-10% HP). [potion of cure mutation]
  1041 | D        | Lost mutation: Scrolls take you a little longer to read. [potion of cure mutation]
  1052 | D        | Round 7.
  1059 | D        | Noticed a deep elf mage
  1064 | D        | Killed a deep elf mage
  1070 | D        | Noticed a hand axe of chopping
  1073 | D        | Noticed a deep elf knight
  1073 | D        | Noticed a war axe of freezing
  1080 | D        | Noticed a war axe of venom
  1092 | D        | Killed a war axe of freezing
  1092 | D        | Killed a hand axe of chopping
  1092 | D        | Reached skill level 17 in Invocations
  1095 | D        | Killed a deep elf knight
  1097 | D        | Killed a war axe of venom
  1102 | D        | Noticed a glaive of venom
  1105 | D        | Killed a glaive of venom
  1106 | D        | Noticed a deep elf mage
  1115 | D        | Killed a deep elf mage
  1115 | D        | Reached skill level 10 in Axes
  1115 | D        | Reached skill level 10 in Dodging
  1118 | D        | Noticed a deep elf mage
  1120 | D        | Killed a deep elf mage
  1120 | D        | Arena points: 680 (+126) [x2]
  1174 | D        | Round 8.
  1213 | D        | Noticed a rust devil
  1231 | D        | Killed a rust devil
  1231 | D        | Gained mutation: Your flesh is heat resistant. [demonic ancestry]
  1231 | D        | Reached XP level 11. HP: 82/95 MP: 23/23
  1262 | D        | Reached skill level 18 in Invocations
  1274 | D        | Noticed an iron troll
  1290 | D        | Killed an iron troll
  1315 | D        | Reached skill level 10 in Armour
  1366 | D        | Arena points: 744 (+64) [x1]
  1381 | D        | Round 9.
  1384 | D        | Bought 3 royal jellies for 24 gold pieces
  1400 | D        | Noticed a deep elf archer
  1404 | D        | Noticed a long sword of slicing
  1417 | D        | Killed a long sword of slicing
  1421 | D        | Noticed a deep elf archer
  1432 | D        | Killed a deep elf archer
  1434 | D        | Noticed a deep elf mage
  1437 | D        | Bought 3 potions of heal wounds for 105 gold pieces
  1444 | D        | Killed a deep elf mage
  1454 | D        | Killed a deep elf archer
  1454 | D        | Reached skill level 19 in Invocations
  1487 | D        | Noticed a deep elf knight
  1496 | D        | Slain by a deep elf knight

Vault maps used:
D:        arena_sprint

Action                   |  1- 3 |  4- 6 |  7- 9 | 10-12 || total
-------------------------+-------+-------+-------+-------++-------
Melee: War axe           |    31 |    27 |       |       ||    58
       Hand axe          |       |     8 |     7 |   104 ||   119
Throw: Throwing net      |     3 |       |       |       ||     3
Invok: Minor Destruction |       |     6 |       |    15 ||    21
       Lesser Servant of |       |     3 |     2 |    10 ||    15
       Greater Servant o |       |       |     1 |     3 ||     4
       Major Destruction |       |       |     3 |     3 ||     6
Evoke: Wand              |       |       |       |     1 ||     1
  Use: Potion            |     2 |     1 |     4 |     3 ||    10
       Scroll            |       |       |     2 |     1 ||     3
 Stab: Confused          |       |       |     1 |       ||     1
       Distracted        |       |       |       |     2 ||     2
  Eat: Bread ration      |       |       |       |     1 ||     1
       Royal jelly       |       |       |       |     3 ||     3
